 Dungeon Crawl Stone Soup version 0.32-a0-765-gfba4d74c8c (webtiles) character file.

Game seed: 7929378300338607783

210628 Nattfarinn the Warrior (level 19, 0/129 HPs)
             Began as a Gargoyle Earth Elementalist on Mar 18, 2024.
             Was the Champion of the Shining One.
             Killed by miscasting Bombard (17 damage)
             ... on level 3 of the Shoals.
             The game lasted 01:32:02 (54458 turns).

Nattfarinn the Warrior (GrEE)                      Turns: 54458, Time: 01:32:03

Health: 0/129      AC: 43    Str: 14    XL:     19   Next: 27%
Magic:  27/33      EV: 10    Int: 25    God:    the Shining One [******]
Gold:   2538       SH:  0    Dex: 10    Spells: 25/39 levels left

rFire   + + .        T - +9 trishula (holy)
rCold   + + .        (no shield)
rNeg    + + +        V - +6 chain mail "Caninol" {Int+3}
rPois   ∞            o - +2 helmet
rElec   +            l - scarf {rC+ rF+}
rCorr   .            x - +2 pair of gloves {Stlth+}
SInv    .            u - +2 pair of boots
Will    +....        M - amulet of faith Stlth
                     A - ring of protection from cold
HPRegen 0.41/turn    g - ring of protection from fire
MPRegen 0.23/turn

%: faith
@: flying, very slightly contaminated, glowing, studying 2 skills
A: sickness immunity, AC +14, big wings, negative energy resistance 1,
electricity resistance, torment resistance 1, petrification resistance
a: Renounce Religion, Divine Shield, Cleansing Flame, Summon Divine Warrior


You were on level 3 of the Shoals.
You worshipped the Shining One.
The Shining One was exalted by your worship.
You visited 5 branches of the dungeon, and saw 28 of its levels.
You also visited: Ice Cave.

You collected 2538 gold pieces.

Inventory:

Hand Weapons
 T - a +9 trishula of holy wrath (weapon)
Missiles
 G - 3 throwing nets
Armour
 l - a scarf of resistance (worn)
 o - a +2 helmet (worn)
 u - a +2 pair of boots (worn)
 x - a +2 pair of gloves of stealth (worn)
 V - the +6 chain mail "Caninol" (worn) {Int+3}
   (You found it on level 5 of the Lair of Beasts)

   Int+3:     It affects your intelligence (+3).
Jewellery
 g - a ring of protection from fire (right hand)
 j - the ring of Intercession {rC- rN+ Str+4 Dex+6 Stlth+}
   (You found it on level 13 of the Dungeon)

   [ring of dexterity]

   Str+4:     It affects your strength (+4).
   Dex+6:     It affects your dexterity (+6).
   rC-:       It makes you vulnerable to cold.
   rN+:       It protects you from negative energy.
   Stlth+:    It makes you more stealthy.
 A - a ring of protection from cold (left hand)
 M - an amulet of faith (around neck)
 W - a +6 ring of intelligence
 Y - a +6 ring of intelligence
 Z - the amulet "Liasmin" {Reflect MP-9 Int+5 SH+5}
   (You found it on level 13 of the Dungeon)

   [amulet of reflection]

   Reflect:   It reflects blocked missile attacks.
   Int+5:     It affects your intelligence (+5).
   MP-9:      It affects your magic capacity (-9).
   SH+5:      It affects your SH (+5).
Wands
 d - a wand of digging (7)
 v - a wand of iceblast (17)
 y - a wand of quicksilver (10)
 D - a wand of flame (25)
 I - a wand of charming (35)
 K - a wand of polymorph (13)
 O - a wand of mindburst (27)
Scrolls
 e - 4 scrolls of vulnerability
 f - 3 scrolls of identify
 p - 4 scrolls of fog
 q - 3 scrolls of poison
 r - a scroll of revelation
 H - a scroll of amnesia
 J - 5 scrolls of immolation
 L - 5 scrolls of teleportation
 N - 2 scrolls of enchant armour
 Q - a scroll of blinking
 R - 4 scrolls of silence
 S - a scroll of summoning
 X - a scroll of fear
Potions
 b - 2 potions of magic
 c - 3 potions of might
 h - 5 potions of curing
 m - 5 potions of invisibility
 n - 2 potions of ambrosia
 s - 6 potions of haste
 w - 3 potions of lignification
 z - 6 potions of resistance
 C - 2 potions of attraction
 E - 3 potions of enlightenment
 F - 4 potions of mutation
 P - a potion of brilliance {unknown}
 U - 2 potions of cancellation
Miscellaneous
 a - a phial of floods
 i - a phantom mirror
 k - a sack of spiders
 t - a tin of tremorstones (2/2)
 B - a lightning rod (4/4)


   Skills:
 + Level 17.7 Fighting
 - Level 11.4 Polearms
 - Level 12.2 Armour
 - Level 12.8 Dodging
 - Level 2.1 Stealth
 - Level 10.5 Spellcasting
 - Level 8.2 Conjurations
 - Level 17.4 Earth Magic
 - Level 10.5 Invocations


You had 25 spell levels left.
You knew the following spells:

 Your Spells              Type           Power      Damage    Failure   Level
a - Sandblast             Erth           100%       2d20      1%          1
b - Stone Arrow           Conj/Erth      100%       3d13      1%          3
c - Brom's Barrelling Bo  Conj/Erth      67%        2d8       1%          4
d - Bombard               Conj/Erth      33%        9d6       30%         6

Your spell library contained the following spells:

 Spells                   Type           Power      Damage    Failure   Level
 Passwall                 Erth           79%        N/A       1%          3
 Leda's Liquefaction      Alch/Erth      27%        N/A       11%         4
 Petrify                  Alch/Erth      54%        N/A       11%         4
 Hailstorm                Conj/Ice       33%        3d8       22%         3
 Fulminant Prism          Conj/Alch      16%        3d10      58%         4
 Iskenderun's Mystic Bla  Conj/Tloc      33%        2d8       58%         4
 Inner Flame              Hex/Fire       13%        N/A       77%         3
 Summon Ice Beast         Ice/Summ       13%        N/A       77%         3
 Tukima's Dance           Hex            13%        N/A       77%         3
 Volatile Blastmotes      Fire/Tloc      26%        2d12      77%         3
 Permafrost Eruption      Ice/Erth       27%        2x4d8     86%         6
 Arcjolt                  Conj/Air       16%        1d26      90%         5
 Irradiate                Conj/Alch      16%        3d17      90%         5
 Freezing Cloud           Conj/Ice/Air   13%        6-21      98%         5
 Ignite Poison            Fire/Alch      13%        N/A       99%         4
 Passage of Golubria      Tloc           13%        N/A       99%         4
 Vhi's Electric Charge    Tloc/Air       26%        N/A       99%         4
 Metabolic Englaciation   Hex/Ice        6%         N/A       100%        5
 Yara's Violent Unravell  Hex/Alch       6%         3d5       100%        5
 Plasma Beam              Fire/Air       6%         2x1d17    100%        6
 Sculpt Simulacrum        Ice/Alch       6%         N/A       100%        6
 Ignition                 Fire           6%         3d4       100%        8
 Cigotuvi's Dreadful Rot  Necr/Alch/Air  Unusable   N/A       N/A         2

Dungeon Overview and Level Annotations

Branches:
Dungeon (15/15)            Temple (1/1) D:4            Lair (5/5) D:11
 Shoals (4/4) Lair:3       Spider (3/4) Lair:2        Slime (0/5) Lair:4
    Orc (0/2) D:12         Vaults (0/5) D:14         Depths (0/4) D:15
  IceCv (visited)

Altars:
Ashenzari
Cheibriados
Dithmenos
Elyvilon
Fedhas
Gozag
Hepliaklqana
Kikubaaqudgha
Makhleb
Nemelex Xobeh
Okawaru
Qazlal
Ru
Sif Muna
Trog
Uskayaw
Vehumet
Wu Jian
Xom
Yredelemnul
Zin
The Shining One
Beogh

Shops:
D:1 =:   D:9 *

Annotations:
D:11 exclusion: ice statue
Shoals:3 2 transporters, Qachyfaph's ghost, adept DsGl


Innate Abilities, Weirdness & Mutations

You are immune to sickness and miasma.
Your stone body is resilient. (AC +14)
You are immune to poison.
Your large and strong wings let you fly.
You resist negative energy. (rN+)
You are resistant to electric shocks. (rElec)
You are resistant to unholy torment.
You are immune to petrification.


Message History

The merfolk throws a boomerang.
The boomerang hits you but does no damage.
Things that are here:
a +0 spear; a merfolk skeleton The satyr shoots an arrow.
The arrow hits you!
The merfolk throws a stone.
The stone hits you!
* * * LOW HITPOINT WARNING * * *
The merfolk throws a boomerang.
The boomerang barely misses you.
The merfolk javelineer throws a javelin.
The javelin closely misses you.
The satyr shoots an arrow.
The arrow barely misses you.
The merfolk throws a stone.
The stone hits you.
* * * LOW HITPOINT WARNING * * *
A manticore comes into view.
The merfolk throws a boomerang.
The boomerang hits you!
* * * LOW HITPOINT WARNING * * *
Items here: ( [ ÷÷.
The satyr shoots an arrow.
The arrow hits you but does no damage.
There is a stone staircase leading up, spattered with blood here.
Unknown command.
Unknown command.
The sphinx hits you.
* * * LOW HITPOINT WARNING * * *
The sphinx closely misses you. The sphinx hits you.
* * * LOW HITPOINT WARNING * * *
The merfolk javelineer throws a javelin.
The javelin pierces through you but does no damage.
The satyr shoots an arrow.
The arrow barely misses you.
You fly upwards.
Level annotation: 2 transporters, Qachyfaph's ghost, adept DsGl
There is a stone staircase leading down here.
Unknown command.
Casting: Stone Arrow (safe; 1% risk of failure)
Confirm with . or Enter, or press ? or * to list all spells.
Aiming: Bombard (dangerous; 30% risk of failure)
Press: ? - help, Shift-Dir - straight line, f - sphinx
Aim: a sphinx (haloed, 94% to hit)
You miscast Bombard.
You are very lightly contaminated with residual magic.
You are blasted with magical energy!
You die...

~~~~~.~~~~÷~....~~~~~~~~~≈≈≈≈≈≈≈≈
~~..~.~~~~~~~....~~~~~~~~≈≈≈≈≈≈≈≈
~..~~~~~~~~~~~..~~~~~~~~~≈≈≈≈≈≈≈≈
.....~~~~~~~~~~~~~~~~~~~≈≈≈≈≈≈≈≈≈
###..~~~~~~~~~~~~..~~~~~≈≈≈≈≈≈≈≈≈
# ##.....~~~~~~~~...~~~~≈≈≈≈≈≈≈≈≈
# #.....~~~~~~~~...~~~~~~~≈≈≈≈≈≈
## ####......~~)~H..~..~~~~~≈≈≈≈≈
(# ###......~@.......~~~~~≈≈≈≈ .#
#......~~÷....~~..~~~≈≈≈≈ .###
##.P...~~~.~.....~~~~≈≈≈≈≈
...#####..~~~~(~~....÷...~~≈≈≈≈≈≈
...P.P#P.~~~~..~~~.###...~~~≈≈≈≈≈
.......P.P~~~~.~~~..##...~~~≈≈≈≈≈
...##..~.~~..~..~......)~~~~~≈≈≈≈
~~.##P~P.~~..~........<[~~~~~≈≈≈≈
~~~..~~~~~~............~~~~~~≈≈≈≈


You could see a sphinx.

Vanquished Creatures
  Arachne (Spider:3)
  A sphinx (Shoals:4)
  Gastronok (Lair:2)
  Frances (Spider:2)
  3 ghost moths
  2 broodmothers
  A formless jellyfish (Shoals:3)
  Azrael (Spider:2)
  The ghost of Hijonk the Basher, a journeyman DsGl of Trog (Lair:4)
  2 minotaurs (Shoals:4)
  A white draconian (IceCv)
  Josephine (Lair:2)
  3 entropy weavers
  A fire dragon (D:15)
  A rakshasa (D:15)
  3 vault guards
  7 merfolk aquamancers
  5 centaur warriors
  4 ironbound frosthearts (IceCv)
  4 jorogumos
  7 hydras
  6 two-headed ogres
  A death knight (D:14)
  3 catoblepae
  An alligator snapping turtle (Shoals:4)
  5 merfolk avatars
  7 boulder beetles
  3 satyrs (Shoals:4)
  A hell hog (Lair:5)
  4 demonic crawlers
  29 death yaks
  Sonja (Lair:2)
  A deep elf knight (D:13)
  5 skysharks
  2 skeletal warriors (D:14)
  A pharaoh ant (Spider:2)
  6 orb spiders
  20 sea snakes
  An orange crystal statue (IceCv)
  15 harpies
  3 lindwurms (Lair:5)
  5 deep elf pyromancers
  A necromancer (D:15)
  4 steelbarb worms (Spider:2)
  An orc knight (D:13)
  23 ugly things
  3 orc sorcerers (D:15)
  11 wolf spiders
  8 cyclopes
  4 fauns
  A centaur zombie (D:15)
  23 manticores
  5 moths of wrath
  6 black mambas
  2 water nymphs (Shoals:3)
  An orange demon (D:9)
  12 elephants
  A rust devil (D:9)
  Joseph (D:8)
  9 merfolk sirens
  A gargoyle (D:13)
  4 torpor snails
  11 cane toads
  2 kobold demonologists
  An unseen horror (D:13)
  2 centaur skeletons (D:15)
  7 ice devils (D:11)
  24 rime drakes
  5 freezing wraiths
  7 komodo dragons
  6 efreet
  2 red devils (D:9)
  A tengu conjurer (D:15)
  A troll (D:11)
  A hellwing (D:9)
  26 polar bears
  27 merfolk
  A harpy skeleton (D:15)
  A hornet (D:9)
  6 wind drakes
  A raiju (Lair:5)
  18 tarantellas
  15 blink frogs
  7 dream sheep
  13 slime creatures
  A spriggan (Lair:2)
  Sigmund (D:3)
  9 snapping turtles
  26 jumping spiders
  4 shadows
  18 culicivoras
  5 wraiths
  A centaur simulacrum (D:15)
  4 humans
  3 fire elementals
  14 water elementals
  10 wyverns
  63 yaks
  3 basilisks
  28 redbacks
  5 wargs
  8 vampire mosquitoes
  A chaos spawn (D:9)
  11 water moccasins
  Duvessa (D:4)
  18 hell hounds
  A black bear (shapeshifter) (D:15)
  An ice beast (D:6)
  9 orc warriors
  15 black bears
  3 ogres
  38 wolves
  10 centaurs
  5 kobold brigands
  10 bullfrogs
  2 gnoll sergeants (D:11)
  4 scorpions
  9 wights (D:8)
  Dowan (D:4)
  14 killer bees
  An electric eel (Lair:2)
  8 howler monkeys
  A quasit (D:9)
  5 hounds
  4 jellies
  10 orc priests
  A bombardier beetle (D:4)
  2 iguanas
  2 gnoll boudas (D:6)
  A sleepcap (D:6)
  13 orc wizards
  5 adders
  27 gnolls
  2 white imps
  13 ufetubi
  3 dart slugs
  A ribbon worm (D:2)
  48 orcs
  8 endoplasms
  10 goblins
  11 hobgoblins
  3 jackals (D:3)
  5 quokkas
  10 ball pythons
  A bat (D:2)
  4 frilled lizards
  25 kobolds
  5 rats
1062 creatures vanquished.

Vanquished Creatures (collateral kills)
  Mara (Spider:2)
  A shard shrike (IceCv)
  Rupert (Lair:2)
  A vault guard (D:14)
  A centaur warrior (D:14)
  A pharaoh ant (Spider:2)
  A wolf spider (Spider:2)
  2 ugly things
  A cyclops (D:14)
  A torpor snail (Lair:1)
  A meliai (Lair:2)
  A tengu conjurer (D:14)
  A jumping spider (Spider:2)
  2 humans (D:14)
  2 redbacks (Spider:2)
  5 hell rats (Lair:1)
23 creatures vanquished.

Vanquished Creatures (others)
  A water elemental (Shoals:4)
1 creature vanquished.

Grand Total: 1086 creatures vanquished

Notes
Turn   | Place    | Note
-------+----------+-------------------------------------------
     0 | D:1      | Nattfarinn the Gargoyle Earth Elementalist began the quest
                  | for the Orb.
     0 | D:1      | Reached XP level 1. HP: 10/10 MP: 3/3
   178 | D:1      | Found Zuatez's Book Boutique.
   190 | D:1      | Found Demigyp's Jewellery Boutique.
   277 | D:1      | Reached XP level 2. HP: 15/15 MP: 3/5
   975 | D:1      | Reached XP level 3. HP: 19/19 MP: 4/6
  1201 | D:2      | Reached skill level 5 in Earth Magic
  1443 | D:2      | You fall into a shaft and drop 2 floors!
  1509 | D:4      | Reached XP level 4. HP: 24/24 MP: 4/7
  1708 | D:4      | Found a staircase to the Ecumenical Temple.
  1715 | D:4      | Noticed Dowan
  1771 | D:4      | Reached XP level 5. HP: 26/28 MP: 5/8
  2215 | D:3      | Noticed an ogre
  2218 | D:3      | Killed an ogre
  2219 | D:3      | Reached XP level 6. HP: 32/32 MP: 5/9
  3505 | D:3      | Noticed Sigmund
  3510 | D:3      | Killed Sigmund
  3511 | D:3      | Reached XP level 7. HP: 32/36 MP: 7/10
  3776 | D:4      | Noticed Duvessa
  3778 | Temple   | Entered the Ecumenical Temple
  3799 | Temple   | Became a worshipper of the Shining One
  3826 | D:4      | Killed Duvessa
  3890 | D:4      | Killed Dowan
  4327 | D:5      | Entered Level 5 of the Dungeon
  4628 | D:5      | Reached XP level 8. HP: 48/48 MP: 9/13
  4747 | D:5      | Found a shimmering altar of Xom.
  4865 | D:5      | Reached skill level 5 in Fighting
  5172 | D:6      | Reached XP level 9. HP: 57/57 MP: 10/16
  5269 | D:6      | Reached * piety under the Shining One
  5271 | D:6      | Reached skill level 5 in Spellcasting
  5405 | D:6      | Found a burning altar of Makhleb.
  6164 | D:6      | Found an opulent altar of Gozag.
  6443 | D:7      | Reached skill level 10 in Fighting
  6766 | D:7      | Reached XP level 10. HP: 65/68 MP: 16/19
  7214 | D:8      | Noticed Joseph
  7531 | D:4      | Learned a level 3 spell: Stone Arrow
  7638 | D:8      | Killed Joseph
  7821 | D:8      | Reached ** piety under the Shining One
  8709 | D:9      | Noticed a rust devil
  8861 | D:9      | Reached skill level 10 in Spellcasting
  9028 | D:9      | Reached XP level 11. HP: 61/73 MP: 19/25
  9109 | D:9      | Reached *** piety under the Shining One
  9211 | D:9      | Reached skill level 1 in Invocations
  9305 | D:9      | HP: 1/73 [hellwing (11)]
  9834 | D:9      | Reached skill level 5 in Invocations
 10383 | D:9      | Found Tomeju's Assorted Antiques.
 10565 | D:10     | Entered Level 10 of the Dungeon
 10655 | D:10     | Reached **** piety under the Shining One
 11054 | D:10     | Found a broken altar of Ashenzari.
 11061 | D:10     | Found an iron altar of Okawaru.
 11071 | D:10     | Found a glowing silver altar of Zin.
 11082 | D:10     | Found a shimmering blue altar of Sif Muna.
 11186 | D:10     | Found a white marble altar of Elyvilon.
 11192 | D:10     | Found a sparkling altar of Nemelex Xobeh.
 11199 | D:10     | Found a shadowy altar of Dithmenos.
 11823 | D:11     | Reached skill level 10 in Invocations
 11955 | D:11     | Found a staircase to the Lair.
 12130 | D:11     | Noticed a two-headed ogre
 12135 | D:11     | Killed a two-headed ogre
 12136 | D:11     | Reached XP level 12. HP: 68/78 MP: 17/26
 12138 | D:11     | Reached skill level 1 in Armour
 12447 | D:11     | Reached ***** piety under the Shining One
 12748 | D:11     | Reached skill level 5 in Armour
 14128 | Lair:1   | Entered Level 1 of the Lair of Beasts
 14134 | Lair:1   | Learned a level 4 spell: Brom's Barrelling Boulder
 14713 | Lair:1   | Reached skill level 10 in Armour
 15356 | Lair:1   | You fall into a shaft and drop 1 floor!
 15356 | Lair:2   | Noticed a death yak
 15359 | Lair:2   | Noticed a death yak
 15410 | Lair:1   | Reached XP level 13. HP: 83/83 MP: 17/27
 16452 | Lair:2   | Noticed Gastronok
 16464 | Lair:2   | Killed Gastronok
 16465 | Lair:2   | Reached skill level 10 in Earth Magic
 16495 | Lair:1   | HP: 3/124 [hell rat (6)]
 16957 | Lair:2   | Found a hole to the Spider Nest.
 17568 | Lair:2   | Noticed Sonja
 17576 | Lair:2   | Killed Sonja
 19623 | Lair:3   | Found a staircase to the Shoals.
 20600 | Lair:2   | Gained mutation: Your large and strong wings let you fly.
                  | [Gargoyle growth]
 20600 | Lair:2   | Reached XP level 14. HP: 56/88 MP: 2/28
 20813 | Lair:3   | Reached skill level 15 in Earth Magic
 20815 | Lair:3   | Noticed Josephine
 20856 | Lair:2   | Killed Josephine
 21811 | Lair:4   | Found a runed translucent door.
 21811 | Lair:4   | Noticed Hijonk's ghost (journeyman DsGl)
 23230 | Lair:4   | Found a staircase to the Slime Pits.
 23508 | Lair:5   | Entered Level 5 of the Lair of Beasts
 23788 | Lair:4   | Killed Hijonk's ghost
 25274 | Lair:5   | Reached ****** piety under the Shining One
 26244 | Lair:5   | Reached XP level 15. HP: 97/97 MP: 14/29
 27060 | Lair:5   | Identified a +9 trishula of holy wrath (a +9 demon trident
                  | of draining blessed by the Shining One)
 27060 | Lair:5   | Received a gift from the Shining One
 27286 | Lair:5   | Reached skill level 5 in Conjurations
 27890 | Lair:5   | Learned a level 6 spell: Bombard
 28521 | Lair:5   | Found the +13 scythe of Curses {drain, curses, ^Drain}
 28933 | Lair:5   | Identified the +6 chain mail "Caninol" {Int+3}
 29222 | D:12     | Reached skill level 1 in Polearms
 29298 | D:12     | Found a roughly hewn altar of Beogh.
 29298 | D:12     | Found a staircase to the Orcish Mines.
 30642 | D:13     | Reached skill level 5 in Polearms
 31545 | D:13     | Identified the +4 chain mail of Hueriher {rElec rCorr}
 31641 | D:13     | Identified the amulet "Liasmin" {Reflect MP-9 Int+5 SH+5}
 31641 | D:13     | Identified the ring of Intercession {rC- rN+ Str+4 Dex+6
                  | Stlth+}
 31641 | D:13     | Identified the +4 battleaxe of Irooxaly {heavy, ^Drain
                  | +Blink Str+3}
 32328 | D:14     | Reached XP level 16. HP: 16/103 MP: 20/30
 32628 | D:14     | HP: 3/103 [burnt (9)]
 33304 | D:14     | Found a gate to the Vaults.
 33520 | D:14     | Found a hide-covered altar of Uskayaw.
 33821 | D:13     | Reached skill level 10 in Polearms
 34599 | D:15     | Entered Level 15 of the Dungeon
 34705 | D:14     | The Shining One protects you from harm!
 36002 | D:15     | Identified the dragon-blood talisman of Jussumig {rElec
                  | Int-2 Slay+3}
 36162 | D:15     | Found a staircase to the Depths.
 36370 | Shoals:1 | Entered Level 1 of the Shoals
 36800 | Shoals:1 | Reached skill level 5 in Dodging
 37743 | Shoals:1 | Reached XP level 17. HP: 104/108 MP: 21/31
 38920 | Shoals:2 | Found a glacial archway.
 38953 | IceCv    | Entered an ice cave
 40352 | IceCv    | Noticed a shard shrike
 40409 | IceCv    | Killed a shard shrike
 40843 | Shoals:2 | Reached skill level 10 in Dodging
 43057 | Shoals:3 | Found a transporter.
 43183 | Shoals:3 | Found a transporter.
 43191 | Shoals:3 | Noticed Qachyfaph's ghost (adept DsGl)
 43197 | Shoals:3 | Reached XP level 18. HP: 79/113 MP: 22/32
 44015 | Spider:1 | Entered Level 1 of the Spider Nest
 44015 | Spider:1 | Noticed Rupert
 44203 | Lair:2   | Killed Rupert
 46527 | Spider:2 | Identified the +2 leather armour of the Byakko {Dex+4}
 47264 | Spider:2 | Noticed Frances
 47271 | Spider:2 | Killed Frances
 48314 | Spider:3 | Noticed Mara
 48444 | Spider:3 | Noticed Nattfarinn's illusion
 48723 | Spider:2 | Killed Mara
 49466 | Spider:2 | Reached skill level 15 in Fighting
 49765 | Spider:3 | Noticed Azrael
 49775 | Spider:2 | Killed Azrael
 49962 | Spider:3 | Noticed Arachne
 50085 | Spider:3 | Killed Arachne
 51702 | Shoals:4 | Entered Level 4 of the Shoals
 51875 | Shoals:4 | HP: 3/120 [something (18)]
 52410 | Shoals:4 | Reached XP level 19. HP: 111/127 MP: 33/33
 53921 | Shoals:4 | Identified the +8 spear "Omamaiwu" {flame, *Noise rPois
                  | rN++ Int+2}
 54458 | Shoals:3 | Killed by miscasting Bombard

Illustrated notes

Levels and vault maps discovered:
D:1:      dreamdust_arrival_sigmund_warning, layout_basic, serial_shops, shop,
          shop, nicolae_figureground_sparkle
D:2:      kennysheep_the_goblin_king, layout_basic
D:3:      layout_loops_ring, minmay_misc_feat_plants, uniq_sigmund
D:4:      layout_gridville, minmay_temple_entry_proselytizer, uniq_duvessa
D:5:      layout_basic, kennysheep_mini
D:6:      dreamdust_elfheim, layout_loops_ring, hangedman_feature_mirror
D:7:      layout_loops_ring, minivault_5, serial_park_tiny_1,
          uniq_prince_ribbit1
D:8:      layout_layer_cave, minmay_checkerbox, uniq_joseph
D:9:      layout_stronghold, serial_demonic, serial_demonic_b, serial_demonic_b,
          serial_demonic_a, serial_demonic_c, serial_shops, shop
D:10:     layout_loops_ring, grunt_temple_overflow_octagram
D:11:     cheibrodos_frozen_isle, layout_basic, erik_lair_orcish_takeover,
          minmay_circle_x
D:12:     layout_small_grid, david_orc_5, minmay_misc_feat_diagonals
D:13:     minmay_the_grid_four_pointed_star_mashed
          [minmay_the_grid_triangle_9x9_warning,
          minmay_the_grid_triangle_9x9_windchime,
          minmay_the_grid_triangle_9x9_skeleton,
          minmay_the_grid_triangle_9x9_odd_lines,
          minmay_the_grid_prize_shrinking_boxes], layout_basic
D:14:     slaughterhouse, layout_rooms, lightli_vaults_fourway_checkpoint,
          minmay_misc_feat_five, gauntlet_entry_generic, dancing_weapons_uskayaw
D:15:     grunt_enter_depths_magical_seal, layout_cross,
          chequers_decorated_corner, chequers_arboretum
Temple:   dpeg_chambers_temple
Lair:1:   layout_small_grid, grunt_megastairs_1
Lair:2:   layout_chaotic_city, nicolae_spider_entry_tight_spaces,
          hellmonk_talismancer, lemuel_fruit_fields, infiniplex_staircase_pool,
          uniq_sonja, uniq_gastronok
Lair:3:   beast_lair_carwin_large_2, layout_hall_layers,
          minmay_shoals_entry_lonely_mermaid, forest_entry_grove, uniq_josephine
Lair:4:   layout_cellular_growth, slime_entry_1, hellmonk_ghost_happy_afterlife
Lair:5:   hangedman_lair_caniforms_friends, layout_cave_pods,
          hangedman_lair_in_review, lookout_lair_type,
          infiniplex_staircase_pool_2
Shoals:1: layout_shoals
Shoals:2: cheibrodos_shoals_three_sisters, layout_shoals,
          portal_ice_cave_entry_frozen_things
Shoals:3: layout_shoals, gammafunk_ghost_berserking_beasts,
          nicolae_shoals_the_drawing_of_the_three
Shoals:4: shoals_end_hellmonk_lost_city
Spider:1: layout_spider_delve, nicolae_spider_shape, uniq_rupert
Spider:2: layout_spider_delve, uniq_frances
Spider:3: layout_spider_delve, uniq_arachne, uniq_mara, uniq_azrael

Skill      XL: |  1  2  3  4  5  6  7  8  9 10 11 12 13 14 15 16 17 18 19 |
---------------+----------------------------------------------------------+-----
Earth Magic    | 4 5 6 8 9 14 17 | 17.4
Fighting       | 4 7 10 12 16 17 | 17.7
Spellcasting   | 3 4 6 10 | 10.5
Invocations    | 10 | 10.5
Armour         | 11 12 | 12.2
Conjurations   | 8 |  8.2
Polearms       | 7 11 | 11.4
Dodging        | 6 11 12 | 12.8
Stealth        | |  2.1

Action                     |  1- 3 |  4- 6 |  7- 9 | 10-12 | 13-15 | 16-18 | 19-21 || total
---------------------------+-------+-------+-------+-------+-------+-------+-------++-------
  Melee: Unarmed           |     2 |     1 |       |       |       |       |       ||     3
         Staff             |       |       |       |    17 |   193 |       |       ||   210
         Trishula          |       |       |       |       |   245 |  1190 |   150 ||  1585
   Cast: Sandblast         |    37 |    66 |   169 |   392 |    41 |       |       ||   705
         Stone Arrow       |       |       |       |   126 |   699 |   668 |    71 ||  1564
         Brom's Barrelling |       |       |       |     1 |       |       |       ||     1
         Bombard           |       |       |       |       |       |     4 |       ||     4
 Invoke: Divine Shield     |       |       |       |     1 |       |       |       ||     1
         Summon Divine War |       |       |       |       |     3 |     5 |       ||     8
         Brand Weapon With |       |       |       |       |     1 |       |       ||     1
         Cleansing Flame   |       |       |       |       |       |     7 |       ||     7
    Use: Scroll            |       |     1 |       |    25 |    13 |    11 |       ||    50
         Potion            |       |       |       |     8 |     5 |     7 |       ||    20
 Armour: Robe              |     8 |    33 |    66 |   191 |       |       |       ||   298
         Leather armour    |       |       |       |   124 |  1016 |       |       ||  1140
         Skin              |       |       |       |       |    23 |       |       ||    23
         Chain mail        |       |       |       |       |   235 |  2094 |   287 ||  2616
  Dodge: Dodged            |     5 |    31 |    68 |   196 |   702 |   737 |   100 ||  1839
  Block: Other             |       |       |       |     1 |       |       |       ||     1

Table legend: (Time is in decaauts)
 A = Elapsed time spent in this place.
 B = Non-inter-level travel time spent in this place.
 C = Inter-level travel time spent in this place.
 D = Time resting spent in this place.
 E = Time spent auto-exploring this place.
 F = Levels seen in this place.
 G = Mean time per level.
                   A        B        C        D        E       F      G
               +--------+--------+--------+--------+--------+-----+--------+
         Total |  54717 |  52141 |   2576 |  10807 |  33167 |  29 | 1886.8 |
       Dungeon |  21957 |  20728 |   1229 |   3621 |  13670 |  15 | 1463.8 |
        Temple |    101 |     60 |     41 |     56 |      0 |   1 |  101.0 |
          Lair |  16096 |  15344 |    752 |   3749 |   9316 |   5 | 3219.2 |
        Shoals |   8485 |   8187 |    298 |   1696 |   5291 |   4 | 2121.2 |
   Spider Nest |   6319 |   6065 |    254 |   1393 |   3814 |   3 | 2106.3 |
      Ice Cave |   1757 |   1757 |      0 |    292 |   1076 |   1 | 1757.0 |
               +--------+--------+--------+--------+--------+-----+--------+

Top non-repeatable levels by time:
  Lair:5: 4763 daAuts
  Lair:2: 4698 daAuts
    D:13: 3108 daAuts
Shoals:3: 3032 daAuts
Spider:2: 2927 daAuts
  Lair:4: 2553 daAuts
    D:11: 2478 daAuts
  Lair:1: 2439 daAuts
Shoals:1: 2250 daAuts
Shoals:2: 1916 daAuts
Spider:1: 1811 daAuts
   IceCv: 1757 daAuts
    D:14: 1757 daAuts
     D:9: 1703 daAuts
  Lair:3: 1642 daAuts
